 Dungeon Crawl Stone Soup version 0.23.2-40-g277498a001 (webtiles) character file.

Game seed: 11946935193098414959

163 Descartes the Scratcher (level 5, -8/22 HPs)
             Began as a Felid Transmuter on Oct 9, 2019.
             Killed by divine providence
             ... invoked by an orc priest
              (13 damage)
             ... on level 4 of the Dungeon.
             The game lasted 00:06:09 (3766 turns).

Descartes the Scratcher (Felid Transmuter)          Turns: 3766, Time: 00:06:10

Health: -8/22      AC:  1    Str:  7    XL:     5   Next: 20%
Magic:  10/10      EV: 20    Int: 14    God:
Gold:   97         SH:  0    Dex: 19    Spells: 1/9 levels left
                                        Lives:  0   Deaths: 1

rFire    . . .     SeeInvis +     - Unarmed
rCold    . . .     Gourm    .   (shield unavailable)
rNeg     . . .     Faith    .   (armour unavailable)
rPois    .         Spirit   .   (helmet unavailable)
rElec    .         Reflect  .   (cloak unavailable)
rCorr    .         Harm     .   (gloves unavailable)
MR       .....                  (boots unavailable)
Stlth    ++........             (no amulet)
HPRegen  0.07/turn              (no ring)
MPRegen  0.12/turn              (no ring)

@: appendage (expiring), quick
A: very small, no armour, no weapons or thrown items, stealth, claws 1, fangs 3,
horns 2, see invisible, agile 1, carnivore, speed 1, screaming 1, shaggy fur 1,
slow metabolism 1, sharp paws
a: End Transformation


You were on level 4 of the Dungeon.
You were full.
You had grown temporary horns.
You visited 1 branch of the dungeon, and saw 4 of its levels.

You collected 97 gold pieces.

Inventory:

Missiles
 a - 30 arrows
Wands
 n - a wand of disintegration (12)
Scrolls
 d - a scroll of fog {unknown}
 e - a scroll of enchant armour {unknown}
 f - a scroll of magic mapping {unknown}
 g - 2 scrolls of teleportation {unknown}
 i - a scroll of amnesia {unknown}
 m - a scroll of enchant weapon {unknown}
 o - 2 scrolls of remove curse {unknown}
Potions
 b - a potion of cancellation
 k - a potion of haste
 l - a potion of might {unknown}
Comestibles
 c - 6 rations


   Skills:
 + Level 1.5 Fighting
 * Level 4.1 Dodging
 * Level 4.4 Unarmed Combat
 + Level 2.7 Spellcasting
 * Level 3.7 Transmutations


You had one spell level left.
You knew the following spells:

 Your Spells              Type           Power        Failure   Level  Hunger
a - Beastly Appendage     Tmut           ##....       4%          1    #......
b - Sticks to Snakes      Tmut           ##......     7%          2    ###....
c - Blade Hands           Tmut           ##........   78%         5    ######.

Your spell library contained the following spells:

 Spells                   Type           Power        Failure   Level  Hunger
 Spider Form              Tmut/Pois      #.........   30%         3    ###....
 Ice Form                 Ice/Tmut       #.......     71%         4    #####..


Dungeon Overview and Level Annotations

Branches:
Dungeon (4/15)
 Temple: D:4-7

Altars:
Dithmenos
Gozag
Nemelex Xobeh
Okawaru
Ru
Trog
Yredelemnul
The Shining One


Innate Abilities, Weirdness & Mutations

You cannot wear armour.
You are incapable of wielding weapons or throwing items.
Your paws allow you to move quietly. (Stealth)
You have sharp claws.
You have razor-sharp teeth.
You have supernaturally acute eyesight. (SInv)
You are carnivorous and can eat meat at any time.
You cover ground quickly.
You are covered in fur. (AC +1)
You have a slow metabolism.
Your sharp claws are effective at attacking unaware monsters.
You have a pair of horns on your head.
You are agile. (Dex +2)
You occasionally shout uncontrollably at your foes.


Message History

You closely miss the orc priest.
You headbutt the orc priest, but do no damage.
The orc priest is heavily wounded.
The orc priest hits you with a +0 trident.
* * * LOW HITPOINT WARNING * * *
You scratch the orc priest but do no damage.
Your headbutt misses the orc priest.
The orc priest is heavily wounded.
The orc priest closely misses you.
You scratch the orc priest.
The orc priest is almost dead.
The orc priest closely misses you.
You scratch the orc priest but do no damage.
You headbutt the orc priest, but do no damage.
The orc priest is almost dead.
Your transformation is almost over.
The orc priest mumbles some strange prayers to Beogh against you.
Beogh smites you!
Ouch! That really hurt!
You die...

....#......##.#
... #......##.#
# #......##.#
#......##.#
#.####.##.# #.
#.##.#
#.####.##.#
#.....†.[.#
######@#### #o#
#.# #.# #.# #.#
#.# #.#


You could see an orc priest.

Vanquished Creatures
  An ogre (D:3)
  A bullfrog skeleton (D:4)
  3 adders
  2 worms (D:2)
  A dart slug (D:2)
  A leopard gecko (D:3)
  3 orcs (D:4)
  7 bats
  2 giant cockroaches
  12 goblins
  9 hobgoblins (D:1)
  A quokka (D:2)
  3 frilled lizards
  6 kobolds
  8 rats
60 creatures vanquished.

Notes
Turn   | Place    | Note
-------+----------+-------------------------------------------
     0 | D:1      | Descartes the Felid Transmuter began the quest for the Orb.
     0 | D:1      | Reached XP level 1. HP: 9/9 MP: 4/4
   599 | D:1      | Reached XP level 2. HP: 12/12 MP: 6/6
  1291 | D:2      | Found an iron altar of Okawaru.
  1446 | D:2      | Reached XP level 3. HP: 15/15 MP: 7/7
  1495 | D:2      | Found a bloodstained altar of Trog.
  1525 | D:2      | Found a basalt altar of Yredelemnul.
  1525 | D:2      | Found a shadowy altar of Dithmenos.
  1527 | D:2      | Found a sacrificial altar of Ru.
  1530 | D:2      | Found a sparkling altar of Nemelex Xobeh.
  1530 | D:2      | Found a glowing golden altar of the Shining One.
  1531 | D:2      | Found an opulent altar of Gozag.
  2346 | D:2      | Learned a level 2 spell: Sticks to Snakes
  2609 | D:3      | Reached XP level 4. HP: 19/19 MP: 6/8
  2850 | D:3      | Noticed an ogre
  3217 | D:3      | Mangled by an ogre
  3218 | D:3      | Reached XP level 3. HP: -6/15 MP: 7/7
  3222 | D:3      | Killed an ogre
  3222 | D:3      | Reached XP level 4. HP: 19/19 MP: 8/8
  3511 | D:3      | Gained mutation: You occasionally shout uncontrollably at
                  | your foes. [potion of mutation]
  3511 | D:3      | Gained mutation: You are agile. (Dex +2) [potion of
                  | mutation]
  3529 | D:4      | Reached XP level 5. HP: 7/22 MP: 8/10
  3747 | D:4      | Learned a level 5 spell: Blade Hands
  3766 | D:4      | Killed from afar by an orc priest

Skill      XL: |  1  2  3 |
---------------+----------+-----
Dodging        | 3 4 |  4.1
Transmutations | 3 |  3.7
Unarmed Combat | 4 |  4.4
Fighting       | |  1.5
Spellcasting   | |  2.7

Action                   |  1- 3 |  4- 6 || total
-------------------------+-------+-------++-------
Melee: Unarmed           |   118 |    61 ||   179
       Bite              |     8 |     1 ||     9
       Headbutt          |     7 |    12 ||    19
       Punch             |     1 |       ||     1
 Cast: Beastly Appendage |    19 |    11 ||    30
  Use: Scroll            |       |     3 ||     3
       Potion            |       |     1 ||     1
 Stab: Sleeping          |     6 |     3 ||     9
  Eat: Chunk             |    11 |     4 ||    15
Armor: Skin              |     4 |     4 ||     8
Dodge: Dodged            |    75 |    43 ||   118
